AoeStats
← sjarobinson1

Arena

506294429Analyzed
1v1 RM · 19d ago on Sep 13, 2026· 24m 8s· 2 players
Game mode
Random Map
Map size
Tiny (2 player)
Population
200
Speed
Normal
Resources
Standard
Victory
Conquest
Starting age
Dark Age
Ending age
Imperial Age
RankedLock teamsTeams togetherTeam positionsShared explorationLock speedFull tech treeHidden civsTurbo modeCheats
Victory
Defeat
🇺🇾 Chinese · Uruguay
666
+16
🇦🇺 Magyars · Australia
658
-32
sjarobinson1
3:58 Loom
10:54 Feudal Age
12:26 Double-Bit Axe
14:07 Horse Collar
19:50 Castle Age
18:51 Scale Barding Armor
19:38 Gold Mining
Ramallo
12:58 Feudal Age
13:54 Horse Collar
14:02 Double-Bit Axe
20:41 Castle Age
18:52 Man-at-Arms
24:02 Wheelbarrow
Connection lost

Rejoining the realm…

Still unreachable

The connection could not be restored.

Session expired

The server has moved on; the page needs a fresh start.